 Dungeon Crawl Stone Soup version 0.18.1-48-g4cf74bf (webtiles) character file.

186 Heedrag the Conjurer (level 5, -11/28 HPs)
             Began as a Deep Elf Conjurer on Aug 6, 2016.
             Mangled by Menkaure (22 damage)
             ... on level 4 of the Dungeon.
             The game lasted 00:04:21 (2758 turns).

Heedrag the Conjurer (Deep Elf Conjurer)            Turns: 2758, Time: 00:04:22

Health: -11/28     AC:  3    Str:  6    XL:     5   Next: 38%
Magic:  7/14       EV: 13    Int: 20    God:
Gold:   157        SH:  0    Dex: 15    Spells: 3 memorised, 6 levels left

rFire  . . .     SeeInvis .     o - +1 dagger (speed)
rCold  . . .     Gourm    .     a - +0 robe
rNeg   . . .     Faith    .     (no shield)
rPois  .         Spirit   .     (no helmet)
rElec  .         Dismiss  .     (no cloak)
rCorr  .         Reflect  .     (no gloves)
SustAt .         Harm     .     i - +0 pair of boots
MR     .....     Rnd*Tele +     (no amulet)
Stlth  ++........               (no ring)
                                k - ring of teleportation (curse)

@: not resistant to hostile enchantments, unstealthy
A: no striking features
a: no special abilities


You were on level 4 of the Dungeon.
You were not hungry.

You visited 1 branch of the dungeon, and saw 4 of its levels.

You collected 157 gold pieces.

Inventory:

Hand Weapons
 o - a +1 dagger of speed (weapon)
Armour
 a - a +0 robe (worn)
 i - a +0 pair of boots (worn)
Jewellery
 k - a cursed ring of teleportation (left hand)
Wands
 y - a wand of confusion (14/48)
Scrolls
 d - a scroll of noise {unknown}
 f - 3 scrolls of identify {unknown}
 g - 2 scrolls of remove curse {unknown}
 h - 4 scrolls of fog {unknown}
 m - 3 scrolls of teleportation {unknown}
 s - a scroll of magic mapping {unknown}
 t - a scroll of random uselessness {unknown}
 w - a scroll of immolation {unknown}
Potions
 e - a potion of cancellation {unknown}
 l - a potion of lignification {unknown}
 n - 2 potions of agility {unknown}
 p - a potion of degeneration {unknown}
 q - a potion of heal wounds {unknown}
 r - a potion of mutation {unknown}
 u - 2 potions of flight {unknown}
 v - a potion of curing {unknown}
Books
 b - a book of Conjurations

   Spells                             Type                      Level
   a - Magic Dart                     Conjuration                  1
   b - Searing Ray                    Conjuration                  2
   c - Dazzling Spray                 Conjuration/Hexes            3
   d - Fulminant Prism                Conjuration/Hexes            4
   e - Iskenderun's Mystic Blast      Conjuration                  4
   f - Iskenderun's Battlesphere      Conjuration/Charms           5
Comestibles
 c - 3 bread rations
 j - 2 meat rations
 x - 4 chunks of flesh


   Skills:
 - Level 2.4 Dodging
 - Level 2.4 Stealth
 + Level 5.1 Spellcasting
 * Level 6.4 Conjurations


You had 6 spell levels left.
You knew the following spells:

 Your Spells              Type           Power        Failure   Level  Hunger
a - Magic Dart            Conj           ####         1%          1    None
b - Dazzling Spray        Conj/Hex       ###...       10%         3    ##.....
c - Iskenderun's Mystic   Conj           ####....     10%         4    ####...


Dungeon Overview and Level Annotations

Branches:
Dungeon (4/15)
 Temple: D:4-7

Altars:
Okawaru
Ru
Xom
Yredelemnul

Annotations:
D:4 Menkaure, Robin


Message History

Tha magic dart hits Menkaure.
Menkaure be heavily damaged.
Castin': Magic Dart Confirm wit' . or Enter, or press ? or * ta list all spells.
Aimin': Magic Dart
Press: ? - help, Shift-Dir - straight line, f/p - Menkaure
Aim: Menkaure (heavily damaged) Tha magic dart hits Menkaure.
Menkaure be heavily damaged.
Menkaure barely misses ye.
Castin': Magic Dart Confirm wit' . or Enter, or press ? or * ta list all spells.
Aimin': Dazzlin' Spray
Press: ? - help, Shift-Dir - straight line, f/p - Menkaure
Aim: Menkaure (heavily damaged) Tha spray o' energy hits Menkaure.
Menkaure be heavily damaged.
Menkaure hits ye!!
Ouch! Tha re'lly hurt!
Ye die...

#..# .. #..#
.##+###..######
.........##...#
........รท.....#
##..##.......#
#.. #..##...#
#.M##..##...#
#..@....+...#
#..##..##...#
#.. #..##...#
.... #..##....
..... ....+.....
.......
....#.>...#
...##..
#..##.....# ...
#.. #+#


You could see Menkaure.

Vanquished Creatures
  Ijyb (D:3)
  A worker ant (D:4)
  6 adders
  2 gnolls (D:2)
  A worm (D:3)
  A giant gecko (D:3)
  An orc (D:2)
  2 bats
  A giant cockroach (D:2)
  10 goblins
  3 hobgoblins
  3 jackals (D:3)
  5 quokkas
  4 ball pythons
  A giant gecko skeleton (D:3)
  4 giant newts
  6 kobolds
  8 rats
60 creatures vanquished.

Notes
Turn   | Place    | Note
--------------------------------------------------------------
     0 | D:1      | Heedrag the Deep Elf Conjurer began the quest for the Orb.
     0 | D:1      | Reached XP level 1. HP: 10/10 MP: 6/6
   282 | D:1      | Reached XP level 2. HP: 15/15 MP: 5/8
   740 | D:2      | Reached skill level 5 in Conjurations
   752 | D:2      | Found a sacrificial altar of Ru.
   752 | D:2      | Found a basalt altar of Yredelemnul.
   815 | D:2      | Reached XP level 3. HP: 19/19 MP: 0/10
   845 | D:2      | Learned a level 3 spell: Dazzling Spray
  1375 | D:2      | Found an iron altar of Okawaru.
  1509 | D:3      | Reached XP level 4. HP: 24/24 MP: 8/12
  1654 | D:3      | Learned a level 4 spell: Iskenderun's Mystic Blast
  1686 | D:3      | Found a shimmering altar of Xom.
  1800 | D:3      | Noticed Ijyb
  1809 | D:3      | Killed Ijyb
  1809 | D:3      | Reached skill level 6 in Conjurations
  2137 | D:3      | Found a faded altar to an unknown god.
  2580 | D:3      | Reached XP level 5. HP: 22/28 MP: 7/14
  2627 | D:4      | Noticed Robin
  2699 | D:4      | Reached skill level 5 in Spellcasting
  2753 | D:4      | Noticed Menkaure
  2758 | D:4      | Mangled by Menkaure

Skill      XL: |  1  2  3  4  5 |
---------------+----------------+-----
Conjurations   | 5 6 |  6.4
Spellcasting   | 4 5 |  5.1
Dodging        | |  2.4
Stealth        | |  2.4

Action                   |  1- 3 |  4- 6 || total
-------------------------+-------+-------++-------
Melee: Unarmed           |     7 |       ||     7
       Dagger            |     9 |     4 ||    13
 Cast: Magic Dart        |    64 |    64 ||   128
       Dazzling Spray    |       |     1 ||     1
  Eat: Chunk             |     2 |     3 ||     5
Armor: Robe              |     7 |     5 ||    12
Dodge: Dodged            |    20 |     7 ||    27
